Workbook

Sheet Toelichting
A1: Toelichting wensen
A3: In het bestand kunt u een keuze maken uit de waarden zoals deze zijn opgenomen in tabblad keuzemogelijkheden.
A5: Tijdens het invullen van de fase wordt automatisch de tekst in kolom K, L en M ingevuld, waaruit blijkt hoe dit op basis van uw antwoord mogelijk wordt opgenomen in het aanbestedingsdocument.
A6: Afhankelijk van de keuze wordt een factor toegekend, waardoor ‘Doorontwikkeld’ meer punten oplevert als ‘Bereid te ontwikkelen’. Het aantal punten verschijnt in kolom N.
A7: De factoren zijn opgenomen in onderstaand overzicht:
A8: Fase | B8: Factor
A9: =Keuzemogelijkheden!A2 -> Doorontwikkeld | B9: =Keuzemogelijkheden!E2 -> 4
A10: =Keuzemogelijkheden!A3 -> Jong volwassen | B10: =Keuzemogelijkheden!E3 -> 2
A11: =Keuzemogelijkheden!A4 -> Bereid te ontwikkelen | B11: =Keuzemogelijkheden!E4 -> 1
A12: =Keuzemogelijkheden!A5 -> Niet bereid te ontwikkelen | B12: =Keuzemogelijkheden!E5 -> 0
A14: Gelieve het formulier in te vullen. Het formulier geeft met een rode kleur aan dat u nog geen keuze heeft gemaakt. Afhankelijk van de keuze worden de punten automatisch berekend en kleurt de regel conform tabblad keuzemogelijkheden.
A16: NB: Alle kosten die de inschrijver dient te maken om de aangeboden invulling aan de wensen te realiseren dienen verrekend te zijn in zijn prijsaanbieding. Met andere woorden er kunnen geen andere / additionele kosten in rekening gebracht worden voor het realiseren van de wensen, dan de kosten die zijn vermeld in de prijsopgave.

Sheet Keuzemogelijkheden
A1: Fase | B1: Omschrijving | C1: Verwerken als | D1: Tonen tijdens | E1: Factor
A2: Doorontwikkeld | B2: Volledig uitgewerkt en in de praktijk ervaren de gebruikers dat het naar tevredenheid in gebruik is. | C2: Eis | D2: Tonen tijdens demonstratie, verificatie en oplevering. Aantoonbaar dat gebruikers het naar tevredenheid ervaren. | E2: 4
A3: Jong volwassen | B3: Concept uitgewerkt, waarbij de eerste positieve ervaringen van gebruikers beschikbaar zijn. De stap naar doorontwikkeld vindt binnen een half jaar plaats. | C3: Eis bij implementatie | D3: Tijdens verificatie stappen aantonen, waaruit blijkt dat het binnen een half jaar is doorontwikkeld. Van het concept aantonen dat eerste positieve ervaringen van gebruikers aanwezig zijn. | E3: 2
A4: Bereid te ontwikkelen | B4: De wens is bij implementatie volledig beschikbaar binnen de standaard software. | C4: Eis bij implementatie | D4: Bij verificatie stappen aantonen, waaruit blijkt dat het in ontwikkeling is en bij oplevering conform de planning van implementatie volledig is doorontwikkeld. | E4: 1
A5: Niet bereid te ontwikkelen | B5: Nog geen ervaring op dit deel en ook niet bekend of dit wordt ontwikkeld. | C5: n.v.t. | D5: Kan en hoeft tijdens de volgende fasen niet te worden aangetoond dat het operationeel is. | E5: 0
A6: Maak uw keuze | B6: Maak een keuze in de kolom 'Antwoord fase' | C6: Maak een keuze in de kolom 'Antwoord fase' | D6: Maak een keuze in de kolom 'Antwoord fase' | E6: =E5 -> 0
A8: Mochten er verschillen zijn tussen het aanbestedingsdocument en de bijlage, geldt de inhoud in het aanbestedingsdocument/leidraad.

Sheet Wensen
A1: Hoofdgroep | D1: Groep | E1: Nr. | F1: Meth.ID | G1: Omschrijving | H1: Type wens | I1: Fasering | J1: Punten wens | K1: Antwoord fase (maak een keuze) | L1: In aanbesteding als (wordt ingevuld o.b.v. antwoord fase) | M1: In aanbesteding als (wordt ingevuld o.b.v. antwoord fase) | N1: Verificatie (wordt ingevuld o.b.v. antwoord fase) | O1: Behaalde punten
A2: 02 | B2: Automatisering
C3: 01 | D3: ICT
E4: 12 | F4: 1329 | G4: Het BOR-beheersysteem en de bijbehorende database is bewezen schaalbaar en biedt mogelijkheden voor performanceverhoging, fail-over en loadbalancing. | H4: Wens | I4: IMPF2 | J4: 2 | K4: Maak uw keuze | L4: =IF(K4<>"",VLOOKUP(K4,Keuzemogelijkheden!$A$2:$E$6,2,FALSE),"") -> Maak een keuze in de kolom 'Antwoord fase' | M4: =IF(K4<>"",VLOOKUP(K4,Keuzemogelijkheden!$A$2:$E$6,3,FALSE),"") -> Maak een keuze in de kolom 'Antwoord fase' | N4: =IF(K4<>"",VLOOKUP(K4,Keuzemogelijkheden!$A$2:$E$6,4,FALSE),"") -> Maak een keuze in de kolom 'Antwoord fase' | O4: =IF(K4=Keuzemogelijkheden!$A$2,$J4*Keuzemogelijkheden!$E$2,IF(K4=Keuzemogelijkheden!$A$3,$J4*Keuzemogelijkheden!$E$3,IF(K4=Keuzemogelijkheden!$A$4,$J4*Keuzemogelijkheden!$E$4,IF(K4=Keuzemogelijkheden!$A$5,$J4*Keuzemogelijkheden!$E$5,"0")))) -> 0
C5: 02 | D5: Informatiebeveiliging
E6: 10 | F6: 1179 | G6: Het BOR-beheersysteem dient zo mogelijk aan te sluiten op de authenticatiemogelijkheden van de (Azure) AD, dan wel te zijn voorzien van een eigen, gecentraliseerd authenticatiemiddel. Hiermee moet het mogelijk zijn gecentraliseerd authenticaties te creëre | H6: Wens | I6: IMPF2 | J6: 17 | K6: Maak uw keuze | L6: =IF(K6<>"",VLOOKUP(K6,Keuzemogelijkheden!$A$2:$E$6,2,FALSE),"") -> Maak een keuze in de kolom 'Antwoord fase' | M6: =IF(K6<>"",VLOOKUP(K6,Keuzemogelijkheden!$A$2:$E$6,3,FALSE),"") -> Maak een keuze in de kolom 'Antwoord fase' | N6: =IF(K6<>"",VLOOKUP(K6,Keuzemogelijkheden!$A$2:$E$6,4,FALSE),"") -> Maak een keuze in de kolom 'Antwoord fase' | O6: =IF(K6=Keuzemogelijkheden!$A$2,$J6*Keuzemogelijkheden!$E$2,IF(K6=Keuzemogelijkheden!$A$3,$J6*Keuzemogelijkheden!$E$3,IF(K6=Keuzemogelijkheden!$A$4,$J6*Keuzemogelijkheden!$E$4,IF(K6=Keuzemogelijkheden!$A$5,$J6*Keuzemogelijkheden!$E$5,"0")))) -> 0
E7: 11 | F7: 1164 | G7: Het account van een gebruiker die een door de opdrachtgever zelf in te stellen periode niet heeft ingelogd, wordt automatisch bevroren. | H7: Wens | I7: IMPF2 | J7: 2 | K7: Maak uw keuze | L7: =IF(K7<>"",VLOOKUP(K7,Keuzemogelijkheden!$A$2:$E$6,2,FALSE),"") -> Maak een keuze in de kolom 'Antwoord fase' | M7: =IF(K7<>"",VLOOKUP(K7,Keuzemogelijkheden!$A$2:$E$6,3,FALSE),"") -> Maak een keuze in de kolom 'Antwoord fase' | N7: =IF(K7<>"",VLOOKUP(K7,Keuzemogelijkheden!$A$2:$E$6,4,FALSE),"") -> Maak een keuze in de kolom 'Antwoord fase' | O7: =IF(K7=Keuzemogelijkheden!$A$2,$J7*Keuzemogelijkheden!$E$2,IF(K7=Keuzemogelijkheden!$A$3,$J7*Keuzemogelijkheden!$E$3,IF(K7=Keuzemogelijkheden!$A$4,$J7*Keuzemogelijkheden!$E$4,IF(K7=Keuzemogelijkheden!$A$5,$J7*Keuzemogelijkheden!$E$5,"0")))) -> 0
E8: 13 | F8: 2207 | G8: Bij het opslaan van wachtwoorden dienen hashing en salting te worden gebruikt. | H8: Wens | I8: IMPF2 | J8: 9 | K8: Maak uw keuze | L8: =IF(K8<>"",VLOOKUP(K8,Keuzemogelijkheden!$A$2:$E$6,2,FALSE),"") -> Maak een keuze in de kolom 'Antwoord fase' | M8: =IF(K8<>"",VLOOKUP(K8,Keuzemogelijkheden!$A$2:$E$6,3,FALSE),"") -> Maak een keuze in de kolom 'Antwoord fase' | N8: =IF(K8<>"",VLOOKUP(K8,Keuzemogelijkheden!$A$2:$E$6,4,FALSE),"") -> Maak een keuze in de kolom 'Antwoord fase' | O8: =IF(K8=Keuzemogelijkheden!$A$2,$J8*Keuzemogelijkheden!$E$2,IF(K8=Keuzemogelijkheden!$A$3,$J8*Keuzemogelijkheden!$E$3,IF(K8=Keuzemogelijkheden!$A$4,$J8*Keuzemogelijkheden!$E$4,IF(K8=Keuzemogelijkheden!$A$5,$J8*Keuzemogelijkheden!$E$5,"0")))) -> 0
C9: 03 | D9: AVG
E10: 1 | F10: 2214 | G10: Updates zijn uiterlijk een (1) maand voor inwerking treding van nieuwe Europese en rijks wet- en regelgeving beschikbaar. | H10: Wens | I10: IMPF2 | J10: 3 | K10: Maak uw keuze | L10: =IF(K10<>"",VLOOKUP(K10,Keuzemogelijkheden!$A$2:$E$6,2,FALSE),"") -> Maak een keuze in de kolom 'Antwoord fase' | M10: =IF(K10<>"",VLOOKUP(K10,Keuzemogelijkheden!$A$2:$E$6,3,FALSE),"") -> Maak een keuze in de kolom 'Antwoord fase' | N10: =IF(K10<>"",VLOOKUP(K10,Keuzemogelijkheden!$A$2:$E$6,4,FALSE),"") -> Maak een keuze in de kolom 'Antwoord fase' | O10: =IF(K10=Keuzemogelijkheden!$A$2,$J10*Keuzemogelijkheden!$E$2,IF(K10=Keuzemogelijkheden!$A$3,$J10*Keuzemogelijkheden!$E$3,IF(K10=Keuzemogelijkheden!$A$4,$J10*Keuzemogelijkheden!$E$4,IF(K10=Keuzemogelijkheden!$A$5,$J10*Keuzemogelijkheden!$E$5,"0")))) -> 0
C11: 04 | D11: Informatiemanagement
E12: 1 | F12: 1883 | G12: Een beschrijving van het gehanteerde datamodel (logisch en technisch, syntax) en de semantiek van de gegevens (definities en toegestane veldwaarden met betekenis van codes) zijn beschikbaar voor de opdrachtgever en ten behoeve van gebruik van de gegevens | H12: Wens bij implementatie | I12: IMPF2 | J12: 9 | K12: Maak uw keuze | L12: =IF(K12<>"",VLOOKUP(K12,Keuzemogelijkheden!$A$2:$E$6,2,FALSE),"") -> Maak een keuze in de kolom 'Antwoord fase' | M12: =IF(K12<>"",VLOOKUP(K12,Keuzemogelijkheden!$A$2:$E$6,3,FALSE),"") -> Maak een keuze in de kolom 'Antwoord fase' | N12: =IF(K12<>"",VLOOKUP(K12,Keuzemogelijkheden!$A$2:$E$6,4,FALSE),"") -> Maak een keuze in de kolom 'Antwoord fase' | O12: =IF(K12=Keuzemogelijkheden!$A$2,$J12*Keuzemogelijkheden!$E$2,IF(K12=Keuzemogelijkheden!$A$3,$J12*Keuzemogelijkheden!$E$3,IF(K12=Keuzemogelijkheden!$A$4,$J12*Keuzemogelijkheden!$E$4,IF(K12=Keuzemogelijkheden!$A$5,$J12*Keuzemogelijkheden!$E$5,"0")))) -> 0
C13: 05 | D13: SaaS
E14: 2 | F14: 2206 | G14: Gegevens binnen de SaaS-applicatie dienen versleuteld opgeslagen te worden. De gebruikte TLS­versies, cryptografische algoritmes, sleutellengtes en keuze van groepen moeten door de NSCS beoordeeld worden met de kwalificatie “goed” of “voldoende”. | H14: Wens | I14: IMPF2 | J14: 9 | K14: Maak uw keuze | L14: =IF(K14<>"",VLOOKUP(K14,Keuzemogelijkheden!$A$2:$E$6,2,FALSE),"") -> Maak een keuze in de kolom 'Antwoord fase' | M14: =IF(K14<>"",VLOOKUP(K14,Keuzemogelijkheden!$A$2:$E$6,3,FALSE),"") -> Maak een keuze in de kolom 'Antwoord fase' | N14: =IF(K14<>"",VLOOKUP(K14,Keuzemogelijkheden!$A$2:$E$6,4,FALSE),"") -> Maak een keuze in de kolom 'Antwoord fase' | O14: =IF(K14=Keuzemogelijkheden!$A$2,$J14*Keuzemogelijkheden!$E$2,IF(K14=Keuzemogelijkheden!$A$3,$J14*Keuzemogelijkheden!$E$3,IF(K14=Keuzemogelijkheden!$A$4,$J14*Keuzemogelijkheden!$E$4,IF(K14=Keuzemogelijkheden!$A$5,$J14*Keuzemogelijkheden!$E$5,"0")))) -> 0
E15: 6 | F15: 2209 | G15: De SaaS-applicatie dient een kopieerfunctie te ondersteunen (knippen, plakken, kopiëren), op een gelijke wijze als het gebruik binnen de Windows-omgeving. De toetscombinaties Ctrl + C, Ctrl + X en Ctrl + V kunnen gebruikt worden. | H15: Wens | I15: IMPF2 | J15: 9 | K15: Maak uw keuze | L15: =IF(K15<>"",VLOOKUP(K15,Keuzemogelijkheden!$A$2:$E$6,2,FALSE),"") -> Maak een keuze in de kolom 'Antwoord fase' | M15: =IF(K15<>"",VLOOKUP(K15,Keuzemogelijkheden!$A$2:$E$6,3,FALSE),"") -> Maak een keuze in de kolom 'Antwoord fase' | N15: =IF(K15<>"",VLOOKUP(K15,Keuzemogelijkheden!$A$2:$E$6,4,FALSE),"") -> Maak een keuze in de kolom 'Antwoord fase' | O15: =IF(K15=Keuzemogelijkheden!$A$2,$J15*Keuzemogelijkheden!$E$2,IF(K15=Keuzemogelijkheden!$A$3,$J15*Keuzemogelijkheden!$E$3,IF(K15=Keuzemogelijkheden!$A$4,$J15*Keuzemogelijkheden!$E$4,IF(K15=Keuzemogelijkheden!$A$5,$J15*Keuzemogelijkheden!$E$5,"0")))) -> 0
C16: 06 | D16: Ontwikkel-, test-, acceptatie- en productie-omgeving (OTAP)
E17: 2 | F17: 2213 | G17: Opdrachtgever wenst inzicht te hebben in de wijziging(en) die in een release zijn opgenomen. Opdrachtnemer informeert Opdrachtgever op actieve wijze over releases. | H17: Wens | I17: IMPF2 | J17: 3 | K17: Maak uw keuze | L17: =IF(K17<>"",VLOOKUP(K17,Keuzemogelijkheden!$A$2:$E$6,2,FALSE),"") -> Maak een keuze in de kolom 'Antwoord fase' | M17: =IF(K17<>"",VLOOKUP(K17,Keuzemogelijkheden!$A$2:$E$6,3,FALSE),"") -> Maak een keuze in de kolom 'Antwoord fase' | N17: =IF(K17<>"",VLOOKUP(K17,Keuzemogelijkheden!$A$2:$E$6,4,FALSE),"") -> Maak een keuze in de kolom 'Antwoord fase' | O17: =IF(K17=Keuzemogelijkheden!$A$2,$J17*Keuzemogelijkheden!$E$2,IF(K17=Keuzemogelijkheden!$A$3,$J17*Keuzemogelijkheden!$E$3,IF(K17=Keuzemogelijkheden!$A$4,$J17*Keuzemogelijkheden!$E$4,IF(K17=Keuzemogelijkheden!$A$5,$J17*Keuzemogelijkheden!$E$5,"0")))) -> 0
C18: 08 | D18: Opslaan gegevens
E19: 2 | F19: 1748 | G19: Cloudopslag en/of interne opslag is mogelijk. De opdrachtgever kan zelf bepalen waar de data wordt opgeslagen. Ook is later overstappen door de opdrachtgever zelfstandig (zonder ondersteuning inschrijver) te realiseren. | H19: Wens | I19: IMPF1 | J19: 2 | K19: Maak uw keuze | L19: =IF(K19<>"",VLOOKUP(K19,Keuzemogelijkheden!$A$2:$E$6,2,FALSE),"") -> Maak een keuze in de kolom 'Antwoord fase' | M19: =IF(K19<>"",VLOOKUP(K19,Keuzemogelijkheden!$A$2:$E$6,3,FALSE),"") -> Maak een keuze in de kolom 'Antwoord fase' | N19: =IF(K19<>"",VLOOKUP(K19,Keuzemogelijkheden!$A$2:$E$6,4,FALSE),"") -> Maak een keuze in de kolom 'Antwoord fase' | O19: =IF(K19=Keuzemogelijkheden!$A$2,$J19*Keuzemogelijkheden!$E$2,IF(K19=Keuzemogelijkheden!$A$3,$J19*Keuzemogelijkheden!$E$3,IF(K19=Keuzemogelijkheden!$A$4,$J19*Keuzemogelijkheden!$E$4,IF(K19=Keuzemogelijkheden!$A$5,$J19*Keuzemogelijkheden!$E$5,"0")))) -> 0
C20: 11 | D20: Back-up
E21: 1 | F21: 2208 | G21: In het geval een restore van data nodig is, kan de afgesproken dienstverlening binnen 24 uur worden gecontinueerd. Er mag sprake zijn van maximaal twaalf (12) uur dataverlies. Back-ups worden gemaakt terwijl de volledige SaaS-applicatie ‘online’ is. | H21: Wens | I21: IMPF2 | J21: 9 | K21: Maak uw keuze | L21: =IF(K21<>"",VLOOKUP(K21,Keuzemogelijkheden!$A$2:$E$6,2,FALSE),"") -> Maak een keuze in de kolom 'Antwoord fase' | M21: =IF(K21<>"",VLOOKUP(K21,Keuzemogelijkheden!$A$2:$E$6,3,FALSE),"") -> Maak een keuze in de kolom 'Antwoord fase' | N21: =IF(K21<>"",VLOOKUP(K21,Keuzemogelijkheden!$A$2:$E$6,4,FALSE),"") -> Maak een keuze in de kolom 'Antwoord fase' | O21: =IF(K21=Keuzemogelijkheden!$A$2,$J21*Keuzemogelijkheden!$E$2,IF(K21=Keuzemogelijkheden!$A$3,$J21*Keuzemogelijkheden!$E$3,IF(K21=Keuzemogelijkheden!$A$4,$J21*Keuzemogelijkheden!$E$4,IF(K21=Keuzemogelijkheden!$A$5,$J21*Keuzemogelijkheden!$E$5,"0")))) -> 0
C22: 12 | D22: Common ground
E23: 3 | F23: 2093 | G23: Het BOR-beheersysteem maakt gebruik van softwarecomponenten uit de Common Groundcomponentencatalogus (vindbaar op CommonGround.nl). | H23: Wens | I23: IMPF2 | J23: 3 | K23: Maak uw keuze | L23: =IF(K23<>"",VLOOKUP(K23,Keuzemogelijkheden!$A$2:$E$6,2,FALSE),"") -> Maak een keuze in de kolom 'Antwoord fase' | M23: =IF(K23<>"",VLOOKUP(K23,Keuzemogelijkheden!$A$2:$E$6,3,FALSE),"") -> Maak een keuze in de kolom 'Antwoord fase' | N23: =IF(K23<>"",VLOOKUP(K23,Keuzemogelijkheden!$A$2:$E$6,4,FALSE),"") -> Maak een keuze in de kolom 'Antwoord fase' | O23: =IF(K23=Keuzemogelijkheden!$A$2,$J23*Keuzemogelijkheden!$E$2,IF(K23=Keuzemogelijkheden!$A$3,$J23*Keuzemogelijkheden!$E$3,IF(K23=Keuzemogelijkheden!$A$4,$J23*Keuzemogelijkheden!$E$4,IF(K23=Keuzemogelijkheden!$A$5,$J23*Keuzemogelijkheden!$E$5,"0")))) -> 0
C24: 14 | D24: Servicelaag
E25: 13 | F25: 2116 | G25: De aanroep van een API wordt vastgelegd in logbestanden ongeacht of de aanroep succesvol was of niet. | H25: Wens | I25: IMPF2 | J25: 3 | K25: Maak uw keuze | L25: =IF(K25<>"",VLOOKUP(K25,Keuzemogelijkheden!$A$2:$E$6,2,FALSE),"") -> Maak een keuze in de kolom 'Antwoord fase' | M25: =IF(K25<>"",VLOOKUP(K25,Keuzemogelijkheden!$A$2:$E$6,3,FALSE),"") -> Maak een keuze in de kolom 'Antwoord fase' | N25: =IF(K25<>"",VLOOKUP(K25,Keuzemogelijkheden!$A$2:$E$6,4,FALSE),"") -> Maak een keuze in de kolom 'Antwoord fase' | O25: =IF(K25=Keuzemogelijkheden!$A$2,$J25*Keuzemogelijkheden!$E$2,IF(K25=Keuzemogelijkheden!$A$3,$J25*Keuzemogelijkheden!$E$3,IF(K25=Keuzemogelijkheden!$A$4,$J25*Keuzemogelijkheden!$E$4,IF(K25=Keuzemogelijkheden!$A$5,$J25*Keuzemogelijkheden!$E$5,"0")))) -> 0
A26: 03 | B26: Informatievoorziening
C27: 06 | D27: Extra software
E28: M-648 | F28: 648 | G28: je wil in beheersysteem de lokatie en nr van peilbuis. en een link naar het grondwaterportaal/portaal met totale historie (achter inlog) | H28: Wens bij implementatie | I28: Zie methodieken per vakdiscipline | J28: 5 | K28: Maak uw keuze | L28: =IF(K28<>"",VLOOKUP(K28,Keuzemogelijkheden!$A$2:$E$6,2,FALSE),"") -> Maak een keuze in de kolom 'Antwoord fase' | M28: =IF(K28<>"",VLOOKUP(K28,Keuzemogelijkheden!$A$2:$E$6,3,FALSE),"") -> Maak een keuze in de kolom 'Antwoord fase' | N28: =IF(K28<>"",VLOOKUP(K28,Keuzemogelijkheden!$A$2:$E$6,4,FALSE),"") -> Maak een keuze in de kolom 'Antwoord fase' | O28: =IF(K28=Keuzemogelijkheden!$A$2,$J28*Keuzemogelijkheden!$E$2,IF(K28=Keuzemogelijkheden!$A$3,$J28*Keuzemogelijkheden!$E$3,IF(K28=Keuzemogelijkheden!$A$4,$J28*Keuzemogelijkheden!$E$4,IF(K28=Keuzemogelijkheden!$A$5,$J28*Keuzemogelijkheden!$E$5,"0")))) -> 0
C29: 12 | D29: Verkeerstellingen
E30: M-199 | F30: 199 | G30: Beschikbaarheid van de informatie van verkeerstellingen conform de landelijke standaard NDW. | H30: Wens | I30: Zie methodieken per vakdiscipline | J30: 3 | K30: Maak uw keuze | L30: =IF(K30<>"",VLOOKUP(K30,Keuzemogelijkheden!$A$2:$E$6,2,FALSE),"") -> Maak een keuze in de kolom 'Antwoord fase' | M30: =IF(K30<>"",VLOOKUP(K30,Keuzemogelijkheden!$A$2:$E$6,3,FALSE),"") -> Maak een keuze in de kolom 'Antwoord fase' | N30: =IF(K30<>"",VLOOKUP(K30,Keuzemogelijkheden!$A$2:$E$6,4,FALSE),"") -> Maak een keuze in de kolom 'Antwoord fase' | O30: =IF(K30=Keuzemogelijkheden!$A$2,$J30*Keuzemogelijkheden!$E$2,IF(K30=Keuzemogelijkheden!$A$3,$J30*Keuzemogelijkheden!$E$3,IF(K30=Keuzemogelijkheden!$A$4,$J30*Keuzemogelijkheden!$E$4,IF(K30=Keuzemogelijkheden!$A$5,$J30*Keuzemogelijkheden!$E$5,"0")))) -> 0
C31: 13 | D31: Plantopografie
E32: M-512 | F32: 512 | G32: In het BOR-beheersysteem is de plantopografie grafisch en administratief beschikbaar. De inhoud kan geraadpleegd worden en is ook beschikbaar in selecties, queries en rapportages. | H32: Wens | I32: Zie methodieken per vakdiscipline | J32: 2 | K32: Maak uw keuze | L32: =IF(K32<>"",VLOOKUP(K32,Keuzemogelijkheden!$A$2:$E$6,2,FALSE),"") -> Maak een keuze in de kolom 'Antwoord fase' | M32: =IF(K32<>"",VLOOKUP(K32,Keuzemogelijkheden!$A$2:$E$6,3,FALSE),"") -> Maak een keuze in de kolom 'Antwoord fase' | N32: =IF(K32<>"",VLOOKUP(K32,Keuzemogelijkheden!$A$2:$E$6,4,FALSE),"") -> Maak een keuze in de kolom 'Antwoord fase' | O32: =IF(K32=Keuzemogelijkheden!$A$2,$J32*Keuzemogelijkheden!$E$2,IF(K32=Keuzemogelijkheden!$A$3,$J32*Keuzemogelijkheden!$E$3,IF(K32=Keuzemogelijkheden!$A$4,$J32*Keuzemogelijkheden!$E$4,IF(K32=Keuzemogelijkheden!$A$5,$J32*Keuzemogelijkheden!$E$5,"0")))) -> 0
A33: 04 | B33: Basisfunctionaliteit
C34: 01 | D34: Rollen, taken en rechten
E35: 4 | F35: 1902 | G35: Het autorisatiemechanisme is ook van toepassing op alle (andere/externe) applicaties die gebruik maken van het BOR-beheersysteem. Is niet alleen voor API's. Als data rechtstreeks uit het BOR-beheersysteem door andere/externe applicaties wordt gebruikt, di | H35: Wens | I35: IMPF2 | J35: 3 | K35: Maak uw keuze | L35: =IF(K35<>"",VLOOKUP(K35,Keuzemogelijkheden!$A$2:$E$6,2,FALSE),"") -> Maak een keuze in de kolom 'Antwoord fase' | M35: =IF(K35<>"",VLOOKUP(K35,Keuzemogelijkheden!$A$2:$E$6,3,FALSE),"") -> Maak een keuze in de kolom 'Antwoord fase' | N35: =IF(K35<>"",VLOOKUP(K35,Keuzemogelijkheden!$A$2:$E$6,4,FALSE),"") -> Maak een keuze in de kolom 'Antwoord fase' | O35: =IF(K35=Keuzemogelijkheden!$A$2,$J35*Keuzemogelijkheden!$E$2,IF(K35=Keuzemogelijkheden!$A$3,$J35*Keuzemogelijkheden!$E$3,IF(K35=Keuzemogelijkheden!$A$4,$J35*Keuzemogelijkheden!$E$4,IF(K35=Keuzemogelijkheden!$A$5,$J35*Keuzemogelijkheden!$E$5,"0")))) -> 0
C36: 02 | D36: Zoeken
E37: 1 | F37: 1091 | G37: In de zoekfunctie is zoekwoordherkenning aanwezig. | H37: Wens | I37: IMPF2 | J37: 3 | K37: Maak uw keuze | L37: =IF(K37<>"",VLOOKUP(K37,Keuzemogelijkheden!$A$2:$E$6,2,FALSE),"") -> Maak een keuze in de kolom 'Antwoord fase' | M37: =IF(K37<>"",VLOOKUP(K37,Keuzemogelijkheden!$A$2:$E$6,3,FALSE),"") -> Maak een keuze in de kolom 'Antwoord fase' | N37: =IF(K37<>"",VLOOKUP(K37,Keuzemogelijkheden!$A$2:$E$6,4,FALSE),"") -> Maak een keuze in de kolom 'Antwoord fase' | O37: =IF(K37=Keuzemogelijkheden!$A$2,$J37*Keuzemogelijkheden!$E$2,IF(K37=Keuzemogelijkheden!$A$3,$J37*Keuzemogelijkheden!$E$3,IF(K37=Keuzemogelijkheden!$A$4,$J37*Keuzemogelijkheden!$E$4,IF(K37=Keuzemogelijkheden!$A$5,$J37*Keuzemogelijkheden!$E$5,"0")))) -> 0
E38: 3 | F38: 2210 | G38: Binnen het gehele BOR-beheersysteem moet zoeken op alle voorkomende gegevens in het BOR-beheersysteem (objectgegevens, kwalitatieve gegevens, beheergegevens en gegevens uitgevoerde werkzaamheden) Dit betekent dat op alle plekken in het BOR-beheersysteem w | H38: Wens | I38: IMPF2 | J38: 17 | K38: Maak uw keuze | L38: =IF(K38<>"",VLOOKUP(K38,Keuzemogelijkheden!$A$2:$E$6,2,FALSE),"") -> Maak een keuze in de kolom 'Antwoord fase' | M38: =IF(K38<>"",VLOOKUP(K38,Keuzemogelijkheden!$A$2:$E$6,3,FALSE),"") -> Maak een keuze in de kolom 'Antwoord fase' | N38: =IF(K38<>"",VLOOKUP(K38,Keuzemogelijkheden!$A$2:$E$6,4,FALSE),"") -> Maak een keuze in de kolom 'Antwoord fase' | O38: =IF(K38=Keuzemogelijkheden!$A$2,$J38*Keuzemogelijkheden!$E$2,IF(K38=Keuzemogelijkheden!$A$3,$J38*Keuzemogelijkheden!$E$3,IF(K38=Keuzemogelijkheden!$A$4,$J38*Keuzemogelijkheden!$E$4,IF(K38=Keuzemogelijkheden!$A$5,$J38*Keuzemogelijkheden!$E$5,"0")))) -> 0
C39: 03 | D39: Dagelijks gebruik
E40: 12 | F40: 1652 | G40: In het BOR-beheersysteem is een prullenbakfunctie aanwezig om per abuis verwijderde gegevens terug te kunnen zetten. Daarbij wordt ook de historie ongedaan gemaakt, maar is wel zichtbaar dat deze mutatie is uitgevoerd (wel logging, maar geen historie-opbo | H40: Wens bij implementatie | I40: IMPF2 | J40: 3 | K40: Maak uw keuze | L40: =IF(K40<>"",VLOOKUP(K40,Keuzemogelijkheden!$A$2:$E$6,2,FALSE),"") -> Maak een keuze in de kolom 'Antwoord fase' | M40: =IF(K40<>"",VLOOKUP(K40,Keuzemogelijkheden!$A$2:$E$6,3,FALSE),"") -> Maak een keuze in de kolom 'Antwoord fase' | N40: =IF(K40<>"",VLOOKUP(K40,Keuzemogelijkheden!$A$2:$E$6,4,FALSE),"") -> Maak een keuze in de kolom 'Antwoord fase' | O40: =IF(K40=Keuzemogelijkheden!$A$2,$J40*Keuzemogelijkheden!$E$2,IF(K40=Keuzemogelijkheden!$A$3,$J40*Keuzemogelijkheden!$E$3,IF(K40=Keuzemogelijkheden!$A$4,$J40*Keuzemogelijkheden!$E$4,IF(K40=Keuzemogelijkheden!$A$5,$J40*Keuzemogelijkheden!$E$5,"0")))) -> 0
E41: 13 | F41: 1171 | G41: Het BOR-beheersysteem ondersteunt het omschakelen naar een ander gebruikersprofiel, zodat een gebruiker verschillende rollen kan uitvoeren (bijvoorbeeld: eindgebruiker rol 1, eindgebruiker rol 2, beheerder, tester), zodat niet telkens opnieuw ingelogd hoe | H41: Wens bij implementatie | I41: IMPF2 | J41: 2 | K41: Maak uw keuze | L41: =IF(K41<>"",VLOOKUP(K41,Keuzemogelijkheden!$A$2:$E$6,2,FALSE),"") -> Maak een keuze in de kolom 'Antwoord fase' | M41: =IF(K41<>"",VLOOKUP(K41,Keuzemogelijkheden!$A$2:$E$6,3,FALSE),"") -> Maak een keuze in de kolom 'Antwoord fase' | N41: =IF(K41<>"",VLOOKUP(K41,Keuzemogelijkheden!$A$2:$E$6,4,FALSE),"") -> Maak een keuze in de kolom 'Antwoord fase' | O41: =IF(K41=Keuzemogelijkheden!$A$2,$J41*Keuzemogelijkheden!$E$2,IF(K41=Keuzemogelijkheden!$A$3,$J41*Keuzemogelijkheden!$E$3,IF(K41=Keuzemogelijkheden!$A$4,$J41*Keuzemogelijkheden!$E$4,IF(K41=Keuzemogelijkheden!$A$5,$J41*Keuzemogelijkheden!$E$5,"0")))) -> 0
E42: 15 | F42: 1285 | G42: In het BOR-beheersysteem kan ingesteld worden dat bij alle op te slaan gegevens een standaard naamconventie meekrijgen. Bijvoorbeeld voor selecties, filters, overzichten, planningen ). Denk een opbouw als <<datum>>, <<gebied>>, <<thema>>, <<objecten>>, << | H42: Wens bij implementatie | I42: IMPF2 | J42: 3 | K42: Maak uw keuze | L42: =IF(K42<>"",VLOOKUP(K42,Keuzemogelijkheden!$A$2:$E$6,2,FALSE),"") -> Maak een keuze in de kolom 'Antwoord fase' | M42: =IF(K42<>"",VLOOKUP(K42,Keuzemogelijkheden!$A$2:$E$6,3,FALSE),"") -> Maak een keuze in de kolom 'Antwoord fase' | N42: =IF(K42<>"",VLOOKUP(K42,Keuzemogelijkheden!$A$2:$E$6,4,FALSE),"") -> Maak een keuze in de kolom 'Antwoord fase' | O42: =IF(K42=Keuzemogelijkheden!$A$2,$J42*Keuzemogelijkheden!$E$2,IF(K42=Keuzemogelijkheden!$A$3,$J42*Keuzemogelijkheden!$E$3,IF(K42=Keuzemogelijkheden!$A$4,$J42*Keuzemogelijkheden!$E$4,IF(K42=Keuzemogelijkheden!$A$5,$J42*Keuzemogelijkheden!$E$5,"0")))) -> 0
E43: 16 | F43: 1130 | G43: Het is mogelijk om zelfstanding zonder ondersteuning van de inschrijver in te stellen dat periodiek standaard rapporten worden verzonden (bijvoorbeeld per email). | H43: Wens bij implementatie | I43: IMPF2 | J43: 9 | K43: Maak uw keuze | L43: =IF(K43<>"",VLOOKUP(K43,Keuzemogelijkheden!$A$2:$E$6,2,FALSE),"") -> Maak een keuze in de kolom 'Antwoord fase' | M43: =IF(K43<>"",VLOOKUP(K43,Keuzemogelijkheden!$A$2:$E$6,3,FALSE),"") -> Maak een keuze in de kolom 'Antwoord fase' | N43: =IF(K43<>"",VLOOKUP(K43,Keuzemogelijkheden!$A$2:$E$6,4,FALSE),"") -> Maak een keuze in de kolom 'Antwoord fase' | O43: =IF(K43=Keuzemogelijkheden!$A$2,$J43*Keuzemogelijkheden!$E$2,IF(K43=Keuzemogelijkheden!$A$3,$J43*Keuzemogelijkheden!$E$3,IF(K43=Keuzemogelijkheden!$A$4,$J43*Keuzemogelijkheden!$E$4,IF(K43=Keuzemogelijkheden!$A$5,$J43*Keuzemogelijkheden!$E$5,"0")))) -> 0
E44: 18 | F44: 2086 | G44: Het BOR-beheersysteem verstrekt de data van de meetnetten aan BRO. Dit gebeurt handmatig via de inschrijver. Ook op basis van open standaard service uit het BOR-Beheersysteem naar BRO. | H44: Wens | I44: IMPF2 | J44: 2 | K44: Maak uw keuze | L44: =IF(K44<>"",VLOOKUP(K44,Keuzemogelijkheden!$A$2:$E$6,2,FALSE),"") -> Maak een keuze in de kolom 'Antwoord fase' | M44: =IF(K44<>"",VLOOKUP(K44,Keuzemogelijkheden!$A$2:$E$6,3,FALSE),"") -> Maak een keuze in de kolom 'Antwoord fase' | N44: =IF(K44<>"",VLOOKUP(K44,Keuzemogelijkheden!$A$2:$E$6,4,FALSE),"") -> Maak een keuze in de kolom 'Antwoord fase' | O44: =IF(K44=Keuzemogelijkheden!$A$2,$J44*Keuzemogelijkheden!$E$2,IF(K44=Keuzemogelijkheden!$A$3,$J44*Keuzemogelijkheden!$E$3,IF(K44=Keuzemogelijkheden!$A$4,$J44*Keuzemogelijkheden!$E$4,IF(K44=Keuzemogelijkheden!$A$5,$J44*Keuzemogelijkheden!$E$5,"0")))) -> 0
F45: 2197 | G45: Na het instellen van de ondergronden (extern en intern) kan door de gebruiker zelfstandig (zonder tussenkomst van de inschrijver en functioneel beheerder) de standaard instellingen met één druk op de knop terug worden gezet. | H45: Wens bij implementatie | I45: IMPF2 | J45: 3 | K45: Maak uw keuze | L45: =IF(K45<>"",VLOOKUP(K45,Keuzemogelijkheden!$A$2:$E$6,2,FALSE),"") -> Maak een keuze in de kolom 'Antwoord fase' | M45: =IF(K45<>"",VLOOKUP(K45,Keuzemogelijkheden!$A$2:$E$6,3,FALSE),"") -> Maak een keuze in de kolom 'Antwoord fase' | N45: =IF(K45<>"",VLOOKUP(K45,Keuzemogelijkheden!$A$2:$E$6,4,FALSE),"") -> Maak een keuze in de kolom 'Antwoord fase' | O45: =IF(K45=Keuzemogelijkheden!$A$2,$J45*Keuzemogelijkheden!$E$2,IF(K45=Keuzemogelijkheden!$A$3,$J45*Keuzemogelijkheden!$E$3,IF(K45=Keuzemogelijkheden!$A$4,$J45*Keuzemogelijkheden!$E$4,IF(K45=Keuzemogelijkheden!$A$5,$J45*Keuzemogelijkheden!$E$5,"0")))) -> 0
E46: 19 | F46: 2139 | G46: Het BOR-beheersysteem kan bodeminformatie uit de BRO, het DINO loket, eigen archief en data uit databases van landelijk opererende onderzoeksbureau tonen. Het is daarbij direct duidelijk waar dit vandaan komt en ook per 'laag'aan en uit te zetten. | H46: Wens | I46: IMPF2 | J46: 3 | K46: Maak uw keuze | L46: =IF(K46<>"",VLOOKUP(K46,Keuzemogelijkheden!$A$2:$E$6,2,FALSE),"") -> Maak een keuze in de kolom 'Antwoord fase' | M46: =IF(K46<>"",VLOOKUP(K46,Keuzemogelijkheden!$A$2:$E$6,3,FALSE),"") -> Maak een keuze in de kolom 'Antwoord fase' | N46: =IF(K46<>"",VLOOKUP(K46,Keuzemogelijkheden!$A$2:$E$6,4,FALSE),"") -> Maak een keuze in de kolom 'Antwoord fase' | O46: =IF(K46=Keuzemogelijkheden!$A$2,$J46*Keuzemogelijkheden!$E$2,IF(K46=Keuzemogelijkheden!$A$3,$J46*Keuzemogelijkheden!$E$3,IF(K46=Keuzemogelijkheden!$A$4,$J46*Keuzemogelijkheden!$E$4,IF(K46=Keuzemogelijkheden!$A$5,$J46*Keuzemogelijkheden!$E$5,"0")))) -> 0
E47: 20 | F47: 2140 | G47: Het BOR beheersysteem kan de uitgewerkte boor en sondeerstaten direct vanuit de kaart met bodeminformatie tonen. | H47: Wens | I47: IMPF2 | J47: 2 | K47: Maak uw keuze | L47: =IF(K47<>"",VLOOKUP(K47,Keuzemogelijkheden!$A$2:$E$6,2,FALSE),"") -> Maak een keuze in de kolom 'Antwoord fase' | M47: =IF(K47<>"",VLOOKUP(K47,Keuzemogelijkheden!$A$2:$E$6,3,FALSE),"") -> Maak een keuze in de kolom 'Antwoord fase' | N47: =IF(K47<>"",VLOOKUP(K47,Keuzemogelijkheden!$A$2:$E$6,4,FALSE),"") -> Maak een keuze in de kolom 'Antwoord fase' | O47: =IF(K47=Keuzemogelijkheden!$A$2,$J47*Keuzemogelijkheden!$E$2,IF(K47=Keuzemogelijkheden!$A$3,$J47*Keuzemogelijkheden!$E$3,IF(K47=Keuzemogelijkheden!$A$4,$J47*Keuzemogelijkheden!$E$4,IF(K47=Keuzemogelijkheden!$A$5,$J47*Keuzemogelijkheden!$E$5,"0")))) -> 0
E48: 22 | F48: 2179 | G48: Het BOR-beheersysteem moet op basis van afspraken (denk aan geplande werkzaamheden) een waarschuwing geven in het BOR-beheersysteem. | H48: Wens bij implementatie | I48: IMPF2 | J48: 9 | K48: Maak uw keuze | L48: =IF(K48<>"",VLOOKUP(K48,Keuzemogelijkheden!$A$2:$E$6,2,FALSE),"") -> Maak een keuze in de kolom 'Antwoord fase' | M48: =IF(K48<>"",VLOOKUP(K48,Keuzemogelijkheden!$A$2:$E$6,3,FALSE),"") -> Maak een keuze in de kolom 'Antwoord fase' | N48: =IF(K48<>"",VLOOKUP(K48,Keuzemogelijkheden!$A$2:$E$6,4,FALSE),"") -> Maak een keuze in de kolom 'Antwoord fase' | O48: =IF(K48=Keuzemogelijkheden!$A$2,$J48*Keuzemogelijkheden!$E$2,IF(K48=Keuzemogelijkheden!$A$3,$J48*Keuzemogelijkheden!$E$3,IF(K48=Keuzemogelijkheden!$A$4,$J48*Keuzemogelijkheden!$E$4,IF(K48=Keuzemogelijkheden!$A$5,$J48*Keuzemogelijkheden!$E$5,"0")))) -> 0
E49: 5 | F49: 1420 | G49: Bij zoomen is het schaalniveau zelfstandig door de opdrachtgever (zonder tussenkomst inschrijver) in te stellen. | H49: Wens bij implementatie | I49: IMPF2 | J49: 2 | K49: Maak uw keuze | L49: =IF(K49<>"",VLOOKUP(K49,Keuzemogelijkheden!$A$2:$E$6,2,FALSE),"") -> Maak een keuze in de kolom 'Antwoord fase' | M49: =IF(K49<>"",VLOOKUP(K49,Keuzemogelijkheden!$A$2:$E$6,3,FALSE),"") -> Maak een keuze in de kolom 'Antwoord fase' | N49: =IF(K49<>"",VLOOKUP(K49,Keuzemogelijkheden!$A$2:$E$6,4,FALSE),"") -> Maak een keuze in de kolom 'Antwoord fase' | O49: =IF(K49=Keuzemogelijkheden!$A$2,$J49*Keuzemogelijkheden!$E$2,IF(K49=Keuzemogelijkheden!$A$3,$J49*Keuzemogelijkheden!$E$3,IF(K49=Keuzemogelijkheden!$A$4,$J49*Keuzemogelijkheden!$E$4,IF(K49=Keuzemogelijkheden!$A$5,$J49*Keuzemogelijkheden!$E$5,"0")))) -> 0
C50: 04 | D50: Raadplegen en visualisatie
E51: 1 | F51: 1218 | G51: In het BOR-beheersysteem worden persoonlijke instellingen per gebruiker opgeslagen. Bij een update blijven de persoonlijke instellingen bewaard en toepasbaar. Voorbeelden zijn: laatste scherm, zoomniveau, query's, lay-out kaart, lay-out schermen, lay-out | H51: Wens | I51: IMPF2 | J51: 17 | K51: Maak uw keuze | L51: =IF(K51<>"",VLOOKUP(K51,Keuzemogelijkheden!$A$2:$E$6,2,FALSE),"") -> Maak een keuze in de kolom 'Antwoord fase' | M51: =IF(K51<>"",VLOOKUP(K51,Keuzemogelijkheden!$A$2:$E$6,3,FALSE),"") -> Maak een keuze in de kolom 'Antwoord fase' | N51: =IF(K51<>"",VLOOKUP(K51,Keuzemogelijkheden!$A$2:$E$6,4,FALSE),"") -> Maak een keuze in de kolom 'Antwoord fase' | O51: =IF(K51=Keuzemogelijkheden!$A$2,$J51*Keuzemogelijkheden!$E$2,IF(K51=Keuzemogelijkheden!$A$3,$J51*Keuzemogelijkheden!$E$3,IF(K51=Keuzemogelijkheden!$A$4,$J51*Keuzemogelijkheden!$E$4,IF(K51=Keuzemogelijkheden!$A$5,$J51*Keuzemogelijkheden!$E$5,"0")))) -> 0
E52: 17 | F52: 2204 | G52: De opdrachtgever kan zelfstandig dashboards realiseren, waarbij zelf te bepalen gegevens opgenomen kunnen worden. De afhankelijkheid tussen de gegevens is beschikbaar en door voor één van de onderdelen te kiezen wordt de afhankelijke informatie getoond. E | H52: Wens | I52: IMPF2 | J52: 9 | K52: Maak uw keuze | L52: =IF(K52<>"",VLOOKUP(K52,Keuzemogelijkheden!$A$2:$E$6,2,FALSE),"") -> Maak een keuze in de kolom 'Antwoord fase' | M52: =IF(K52<>"",VLOOKUP(K52,Keuzemogelijkheden!$A$2:$E$6,3,FALSE),"") -> Maak een keuze in de kolom 'Antwoord fase' | N52: =IF(K52<>"",VLOOKUP(K52,Keuzemogelijkheden!$A$2:$E$6,4,FALSE),"") -> Maak een keuze in de kolom 'Antwoord fase' | O52: =IF(K52=Keuzemogelijkheden!$A$2,$J52*Keuzemogelijkheden!$E$2,IF(K52=Keuzemogelijkheden!$A$3,$J52*Keuzemogelijkheden!$E$3,IF(K52=Keuzemogelijkheden!$A$4,$J52*Keuzemogelijkheden!$E$4,IF(K52=Keuzemogelijkheden!$A$5,$J52*Keuzemogelijkheden!$E$5,"0")))) -> 0
E53: 19 | F53: 2141 | G53: In het BOR-beheersysteem worden persoonlijke instellingen per gebruiker opgeslagen. Welke worden opgeslagen is door de opdrachtgever zelfstandig (zonder tussenkomst van de inschrijver) aan te passen. Voorbeelden zijn: laatste scherm, zoomniveau, query's, | H53: Wens bij implementatie | I53: IMPF2 | J53: 17 | K53: Maak uw keuze | L53: =IF(K53<>"",VLOOKUP(K53,Keuzemogelijkheden!$A$2:$E$6,2,FALSE),"") -> Maak een keuze in de kolom 'Antwoord fase' | M53: =IF(K53<>"",VLOOKUP(K53,Keuzemogelijkheden!$A$2:$E$6,3,FALSE),"") -> Maak een keuze in de kolom 'Antwoord fase' | N53: =IF(K53<>"",VLOOKUP(K53,Keuzemogelijkheden!$A$2:$E$6,4,FALSE),"") -> Maak een keuze in de kolom 'Antwoord fase' | O53: =IF(K53=Keuzemogelijkheden!$A$2,$J53*Keuzemogelijkheden!$E$2,IF(K53=Keuzemogelijkheden!$A$3,$J53*Keuzemogelijkheden!$E$3,IF(K53=Keuzemogelijkheden!$A$4,$J53*Keuzemogelijkheden!$E$4,IF(K53=Keuzemogelijkheden!$A$5,$J53*Keuzemogelijkheden!$E$5,"0")))) -> 0
E54: 3 | F54: 1205 | G54: Met het BOR-beheersysteem is het mogelijk om bij alle assets zelf te bepalen welke assetinformatie (objectgegevens, kwalitatieve gegevens, beheergegevens, uitgevoerd werk en de informatievoorziening) als label (annotatie) bij een object wordt getoond. All | H54: Wens | I54: IMPF2 | J54: 17 | K54: Maak uw keuze | L54: =IF(K54<>"",VLOOKUP(K54,Keuzemogelijkheden!$A$2:$E$6,2,FALSE),"") -> Maak een keuze in de kolom 'Antwoord fase' | M54: =IF(K54<>"",VLOOKUP(K54,Keuzemogelijkheden!$A$2:$E$6,3,FALSE),"") -> Maak een keuze in de kolom 'Antwoord fase' | N54: =IF(K54<>"",VLOOKUP(K54,Keuzemogelijkheden!$A$2:$E$6,4,FALSE),"") -> Maak een keuze in de kolom 'Antwoord fase' | O54: =IF(K54=Keuzemogelijkheden!$A$2,$J54*Keuzemogelijkheden!$E$2,IF(K54=Keuzemogelijkheden!$A$3,$J54*Keuzemogelijkheden!$E$3,IF(K54=Keuzemogelijkheden!$A$4,$J54*Keuzemogelijkheden!$E$4,IF(K54=Keuzemogelijkheden!$A$5,$J54*Keuzemogelijkheden!$E$5,"0")))) -> 0
E55: 6 | F55: 1099 | G55: Aansluiting op het Gegevenswoordenboek Stedelijk Water: een applicatie kan geautomatiseerd en wellicht zelfs met een automatische update-routine de rioleringsdata periodiek (wekelijks, maandelijks, per kwartaal) aan de GWSW-server aan bieden. | H55: Wens | I55: IMPF3 | J55: 9 | K55: Maak uw keuze | L55: =IF(K55<>"",VLOOKUP(K55,Keuzemogelijkheden!$A$2:$E$6,2,FALSE),"") -> Maak een keuze in de kolom 'Antwoord fase' | M55: =IF(K55<>"",VLOOKUP(K55,Keuzemogelijkheden!$A$2:$E$6,3,FALSE),"") -> Maak een keuze in de kolom 'Antwoord fase' | N55: =IF(K55<>"",VLOOKUP(K55,Keuzemogelijkheden!$A$2:$E$6,4,FALSE),"") -> Maak een keuze in de kolom 'Antwoord fase' | O55: =IF(K55=Keuzemogelijkheden!$A$2,$J55*Keuzemogelijkheden!$E$2,IF(K55=Keuzemogelijkheden!$A$3,$J55*Keuzemogelijkheden!$E$3,IF(K55=Keuzemogelijkheden!$A$4,$J55*Keuzemogelijkheden!$E$4,IF(K55=Keuzemogelijkheden!$A$5,$J55*Keuzemogelijkheden!$E$5,"0")))) -> 0
C56: 06 | D56: Afdrukken
E57: 10 | F57: 1945 | G57: Op het scherm of op een af te drukken kaart moeten de borden (zoals APV-bord en verkeersbord) zichtbaar en leesbaar zijn, zodat e.e.a. ook gebruikt kan worden als presentatiemiddel of om het werken buiten te vergemakkelijken. | H57: Wens | I57: IMPF2 | J57: 9 | K57: Maak uw keuze | L57: =IF(K57<>"",VLOOKUP(K57,Keuzemogelijkheden!$A$2:$E$6,2,FALSE),"") -> Maak een keuze in de kolom 'Antwoord fase' | M57: =IF(K57<>"",VLOOKUP(K57,Keuzemogelijkheden!$A$2:$E$6,3,FALSE),"") -> Maak een keuze in de kolom 'Antwoord fase' | N57: =IF(K57<>"",VLOOKUP(K57,Keuzemogelijkheden!$A$2:$E$6,4,FALSE),"") -> Maak een keuze in de kolom 'Antwoord fase' | O57: =IF(K57=Keuzemogelijkheden!$A$2,$J57*Keuzemogelijkheden!$E$2,IF(K57=Keuzemogelijkheden!$A$3,$J57*Keuzemogelijkheden!$E$3,IF(K57=Keuzemogelijkheden!$A$4,$J57*Keuzemogelijkheden!$E$4,IF(K57=Keuzemogelijkheden!$A$5,$J57*Keuzemogelijkheden!$E$5,"0")))) -> 0
E58: 11 | F58: 2189 | G58: Op het scherm of op een af te drukken kaart moeten de borden (zoals APV-bord en verkeersbord) zichtbaar en leesbaar zijn, zodat e.e.a. ook gebruikt kan worden als presentatiemiddel of om het werken buiten te vergemakkelijken. Als er meerdere assets op é | H58: Wens bij implementatie | I58: IMPF2 | J58: 3 | K58: Maak uw keuze | L58: =IF(K58<>"",VLOOKUP(K58,Keuzemogelijkheden!$A$2:$E$6,2,FALSE),"") -> Maak een keuze in de kolom 'Antwoord fase' | M58: =IF(K58<>"",VLOOKUP(K58,Keuzemogelijkheden!$A$2:$E$6,3,FALSE),"") -> Maak een keuze in de kolom 'Antwoord fase' | N58: =IF(K58<>"",VLOOKUP(K58,Keuzemogelijkheden!$A$2:$E$6,4,FALSE),"") -> Maak een keuze in de kolom 'Antwoord fase' | O58: =IF(K58=Keuzemogelijkheden!$A$2,$J58*Keuzemogelijkheden!$E$2,IF(K58=Keuzemogelijkheden!$A$3,$J58*Keuzemogelijkheden!$E$3,IF(K58=Keuzemogelijkheden!$A$4,$J58*Keuzemogelijkheden!$E$4,IF(K58=Keuzemogelijkheden!$A$5,$J58*Keuzemogelijkheden!$E$5,"0")))) -> 0
E59: 12 | F59: 1089 | G59: Met het BOR-beheersysteem dient het mogelijk te zijn om een gelaagde pdf te vervaardigen, waarin de informatie in lagen wordt opgeslagen en door gebruikers van een pdf-bestand zonder extra software kan gebruiken. Dit mag onderdeel zijn van het BOR-beheers | H59: Wens bij implementatie | I59: IMPF2 | J59: 9 | K59: Maak uw keuze | L59: =IF(K59<>"",VLOOKUP(K59,Keuzemogelijkheden!$A$2:$E$6,2,FALSE),"") -> Maak een keuze in de kolom 'Antwoord fase' | M59: =IF(K59<>"",VLOOKUP(K59,Keuzemogelijkheden!$A$2:$E$6,3,FALSE),"") -> Maak een keuze in de kolom 'Antwoord fase' | N59: =IF(K59<>"",VLOOKUP(K59,Keuzemogelijkheden!$A$2:$E$6,4,FALSE),"") -> Maak een keuze in de kolom 'Antwoord fase' | O59: =IF(K59=Keuzemogelijkheden!$A$2,$J59*Keuzemogelijkheden!$E$2,IF(K59=Keuzemogelijkheden!$A$3,$J59*Keuzemogelijkheden!$E$3,IF(K59=Keuzemogelijkheden!$A$4,$J59*Keuzemogelijkheden!$E$4,IF(K59=Keuzemogelijkheden!$A$5,$J59*Keuzemogelijkheden!$E$5,"0")))) -> 0
E60: 14 | F60: 2193 | G60: Binnen het BOR-beheersysteem zijn door de functioneel beheerder zelfstandig meerdere standaard kaarten per vakdiscipline voor af te drukken in te stellen. Daarin zijn minimaal beschikbaar: een kader, stempel, legenda, titel, schaalbalk en noordpijl. | H60: Wens bij implementatie | I60: IMPF2 | J60: 9 | K60: Maak uw keuze | L60: =IF(K60<>"",VLOOKUP(K60,Keuzemogelijkheden!$A$2:$E$6,2,FALSE),"") -> Maak een keuze in de kolom 'Antwoord fase' | M60: =IF(K60<>"",VLOOKUP(K60,Keuzemogelijkheden!$A$2:$E$6,3,FALSE),"") -> Maak een keuze in de kolom 'Antwoord fase' | N60: =IF(K60<>"",VLOOKUP(K60,Keuzemogelijkheden!$A$2:$E$6,4,FALSE),"") -> Maak een keuze in de kolom 'Antwoord fase' | O60: =IF(K60=Keuzemogelijkheden!$A$2,$J60*Keuzemogelijkheden!$E$2,IF(K60=Keuzemogelijkheden!$A$3,$J60*Keuzemogelijkheden!$E$3,IF(K60=Keuzemogelijkheden!$A$4,$J60*Keuzemogelijkheden!$E$4,IF(K60=Keuzemogelijkheden!$A$5,$J60*Keuzemogelijkheden!$E$5,"0")))) -> 0
E61: 3 | F61: 1518 | G61: Met het BOR-beheersysteem is het mogelijk om zonder installatie van een losse pdf-printer overzichten te printen. | H61: Wens | I61: IMPF2 | J61: 9 | K61: Maak uw keuze | L61: =IF(K61<>"",VLOOKUP(K61,Keuzemogelijkheden!$A$2:$E$6,2,FALSE),"") -> Maak een keuze in de kolom 'Antwoord fase' | M61: =IF(K61<>"",VLOOKUP(K61,Keuzemogelijkheden!$A$2:$E$6,3,FALSE),"") -> Maak een keuze in de kolom 'Antwoord fase' | N61: =IF(K61<>"",VLOOKUP(K61,Keuzemogelijkheden!$A$2:$E$6,4,FALSE),"") -> Maak een keuze in de kolom 'Antwoord fase' | O61: =IF(K61=Keuzemogelijkheden!$A$2,$J61*Keuzemogelijkheden!$E$2,IF(K61=Keuzemogelijkheden!$A$3,$J61*Keuzemogelijkheden!$E$3,IF(K61=Keuzemogelijkheden!$A$4,$J61*Keuzemogelijkheden!$E$4,IF(K61=Keuzemogelijkheden!$A$5,$J61*Keuzemogelijkheden!$E$5,"0")))) -> 0
E62: 4 | F62: 1071 | G62: Het in batch printen van meerdere kaarten of kaartbeelden is mogelijk. | H62: Wens bij implementatie | I62: IMPF2 | J62: 3 | K62: Maak uw keuze | L62: =IF(K62<>"",VLOOKUP(K62,Keuzemogelijkheden!$A$2:$E$6,2,FALSE),"") -> Maak een keuze in de kolom 'Antwoord fase' | M62: =IF(K62<>"",VLOOKUP(K62,Keuzemogelijkheden!$A$2:$E$6,3,FALSE),"") -> Maak een keuze in de kolom 'Antwoord fase' | N62: =IF(K62<>"",VLOOKUP(K62,Keuzemogelijkheden!$A$2:$E$6,4,FALSE),"") -> Maak een keuze in de kolom 'Antwoord fase' | O62: =IF(K62=Keuzemogelijkheden!$A$2,$J62*Keuzemogelijkheden!$E$2,IF(K62=Keuzemogelijkheden!$A$3,$J62*Keuzemogelijkheden!$E$3,IF(K62=Keuzemogelijkheden!$A$4,$J62*Keuzemogelijkheden!$E$4,IF(K62=Keuzemogelijkheden!$A$5,$J62*Keuzemogelijkheden!$E$5,"0")))) -> 0
E63: 5 | F63: 1836 | G63: Het in batch kunnen printen: waarbij het BOR-beheersysteem automatisch inzoomt op de ingestelde objecten, attributen of domeinwaarden. | H63: Wens bij implementatie | I63: IMPF2 | J63: 3 | K63: Maak uw keuze | L63: =IF(K63<>"",VLOOKUP(K63,Keuzemogelijkheden!$A$2:$E$6,2,FALSE),"") -> Maak een keuze in de kolom 'Antwoord fase' | M63: =IF(K63<>"",VLOOKUP(K63,Keuzemogelijkheden!$A$2:$E$6,3,FALSE),"") -> Maak een keuze in de kolom 'Antwoord fase' | N63: =IF(K63<>"",VLOOKUP(K63,Keuzemogelijkheden!$A$2:$E$6,4,FALSE),"") -> Maak een keuze in de kolom 'Antwoord fase' | O63: =IF(K63=Keuzemogelijkheden!$A$2,$J63*Keuzemogelijkheden!$E$2,IF(K63=Keuzemogelijkheden!$A$3,$J63*Keuzemogelijkheden!$E$3,IF(K63=Keuzemogelijkheden!$A$4,$J63*Keuzemogelijkheden!$E$4,IF(K63=Keuzemogelijkheden!$A$5,$J63*Keuzemogelijkheden!$E$5,"0")))) -> 0
E64: 6 | F64: 1072 | G64: Bij het afdrukvoorbeeld kan ook nog de schaal gewijzigd worden. | H64: Wens | I64: IMPF2 | J64: 3 | K64: Maak uw keuze | L64: =IF(K64<>"",VLOOKUP(K64,Keuzemogelijkheden!$A$2:$E$6,2,FALSE),"") -> Maak een keuze in de kolom 'Antwoord fase' | M64: =IF(K64<>"",VLOOKUP(K64,Keuzemogelijkheden!$A$2:$E$6,3,FALSE),"") -> Maak een keuze in de kolom 'Antwoord fase' | N64: =IF(K64<>"",VLOOKUP(K64,Keuzemogelijkheden!$A$2:$E$6,4,FALSE),"") -> Maak een keuze in de kolom 'Antwoord fase' | O64: =IF(K64=Keuzemogelijkheden!$A$2,$J64*Keuzemogelijkheden!$E$2,IF(K64=Keuzemogelijkheden!$A$3,$J64*Keuzemogelijkheden!$E$3,IF(K64=Keuzemogelijkheden!$A$4,$J64*Keuzemogelijkheden!$E$4,IF(K64=Keuzemogelijkheden!$A$5,$J64*Keuzemogelijkheden!$E$5,"0")))) -> 0
E65: 7 | F65: 1073 | G65: Bij het afdrukvoorbeeld kan ook nog de kaart verschoven worden. | H65: Wens | I65: IMPF2 | J65: 3 | K65: Maak uw keuze | L65: =IF(K65<>"",VLOOKUP(K65,Keuzemogelijkheden!$A$2:$E$6,2,FALSE),"") -> Maak een keuze in de kolom 'Antwoord fase' | M65: =IF(K65<>"",VLOOKUP(K65,Keuzemogelijkheden!$A$2:$E$6,3,FALSE),"") -> Maak een keuze in de kolom 'Antwoord fase' | N65: =IF(K65<>"",VLOOKUP(K65,Keuzemogelijkheden!$A$2:$E$6,4,FALSE),"") -> Maak een keuze in de kolom 'Antwoord fase' | O65: =IF(K65=Keuzemogelijkheden!$A$2,$J65*Keuzemogelijkheden!$E$2,IF(K65=Keuzemogelijkheden!$A$3,$J65*Keuzemogelijkheden!$E$3,IF(K65=Keuzemogelijkheden!$A$4,$J65*Keuzemogelijkheden!$E$4,IF(K65=Keuzemogelijkheden!$A$5,$J65*Keuzemogelijkheden!$E$5,"0")))) -> 0
E66: 8 | F66: 1079 | G66: Tijdens het afdrukken kan een korte notitie in of bij de tekeningen worden gemaakt, voordat deze analoog of digitaal wordt afgedrukt. | H66: Wens | I66: IMPF2 | J66: 3 | K66: Maak uw keuze | L66: =IF(K66<>"",VLOOKUP(K66,Keuzemogelijkheden!$A$2:$E$6,2,FALSE),"") -> Maak een keuze in de kolom 'Antwoord fase' | M66: =IF(K66<>"",VLOOKUP(K66,Keuzemogelijkheden!$A$2:$E$6,3,FALSE),"") -> Maak een keuze in de kolom 'Antwoord fase' | N66: =IF(K66<>"",VLOOKUP(K66,Keuzemogelijkheden!$A$2:$E$6,4,FALSE),"") -> Maak een keuze in de kolom 'Antwoord fase' | O66: =IF(K66=Keuzemogelijkheden!$A$2,$J66*Keuzemogelijkheden!$E$2,IF(K66=Keuzemogelijkheden!$A$3,$J66*Keuzemogelijkheden!$E$3,IF(K66=Keuzemogelijkheden!$A$4,$J66*Keuzemogelijkheden!$E$4,IF(K66=Keuzemogelijkheden!$A$5,$J66*Keuzemogelijkheden!$E$5,"0")))) -> 0
C67: 07 | D67: Invoer
E68: 12 | F68: 1206 | G68: In het BOR-beheersysteem kan tijdens het toevoegen van een bijlage worden aangegeven dat deze gecomprimeerd moet worden en dat het bestand (indien mogelijk) wordt gecomprimeerd. | H68: Wens bij implementatie | I68: IMPF2 | J68: 3 | K68: Maak uw keuze | L68: =IF(K68<>"",VLOOKUP(K68,Keuzemogelijkheden!$A$2:$E$6,2,FALSE),"") -> Maak een keuze in de kolom 'Antwoord fase' | M68: =IF(K68<>"",VLOOKUP(K68,Keuzemogelijkheden!$A$2:$E$6,3,FALSE),"") -> Maak een keuze in de kolom 'Antwoord fase' | N68: =IF(K68<>"",VLOOKUP(K68,Keuzemogelijkheden!$A$2:$E$6,4,FALSE),"") -> Maak een keuze in de kolom 'Antwoord fase' | O68: =IF(K68=Keuzemogelijkheden!$A$2,$J68*Keuzemogelijkheden!$E$2,IF(K68=Keuzemogelijkheden!$A$3,$J68*Keuzemogelijkheden!$E$3,IF(K68=Keuzemogelijkheden!$A$4,$J68*Keuzemogelijkheden!$E$4,IF(K68=Keuzemogelijkheden!$A$5,$J68*Keuzemogelijkheden!$E$5,"0")))) -> 0
E69: 13 | F69: 2192 | G69: Repeterende werkzaamheden voor dynamische gegevens kunnen in 'bulk' processen worden uitgevoerd. (Voorbeeld: meerdere assets gelijktijdig voorzien van inspectieresultaten (afhankelijk van type inspectie of dit wenselijk is), het in bulk aangeven van maatr | H69: Wens bij implementatie | I69: IMPF2 | J69: 9 | K69: Maak uw keuze | L69: =IF(K69<>"",VLOOKUP(K69,Keuzemogelijkheden!$A$2:$E$6,2,FALSE),"") -> Maak een keuze in de kolom 'Antwoord fase' | M69: =IF(K69<>"",VLOOKUP(K69,Keuzemogelijkheden!$A$2:$E$6,3,FALSE),"") -> Maak een keuze in de kolom 'Antwoord fase' | N69: =IF(K69<>"",VLOOKUP(K69,Keuzemogelijkheden!$A$2:$E$6,4,FALSE),"") -> Maak een keuze in de kolom 'Antwoord fase' | O69: =IF(K69=Keuzemogelijkheden!$A$2,$J69*Keuzemogelijkheden!$E$2,IF(K69=Keuzemogelijkheden!$A$3,$J69*Keuzemogelijkheden!$E$3,IF(K69=Keuzemogelijkheden!$A$4,$J69*Keuzemogelijkheden!$E$4,IF(K69=Keuzemogelijkheden!$A$5,$J69*Keuzemogelijkheden!$E$5,"0")))) -> 0
E70: 3 | F70: 1408 | G70: In het systeem kan door de gegevensbeheerder, zonder afhankelijk te zijn van de inschrijver en functioneel beheerder de inhoud van 'snelknoppen' zelf vervaardigen. Snelknoppen zijn knoppen waaraan functies die in het systeem voorkomen toegekend kunnen w | H70: Wens | I70: IMPF2 | J70: 3 | K70: Maak uw keuze | L70: =IF(K70<>"",VLOOKUP(K70,Keuzemogelijkheden!$A$2:$E$6,2,FALSE),"") -> Maak een keuze in de kolom 'Antwoord fase' | M70: =IF(K70<>"",VLOOKUP(K70,Keuzemogelijkheden!$A$2:$E$6,3,FALSE),"") -> Maak een keuze in de kolom 'Antwoord fase' | N70: =IF(K70<>"",VLOOKUP(K70,Keuzemogelijkheden!$A$2:$E$6,4,FALSE),"") -> Maak een keuze in de kolom 'Antwoord fase' | O70: =IF(K70=Keuzemogelijkheden!$A$2,$J70*Keuzemogelijkheden!$E$2,IF(K70=Keuzemogelijkheden!$A$3,$J70*Keuzemogelijkheden!$E$3,IF(K70=Keuzemogelijkheden!$A$4,$J70*Keuzemogelijkheden!$E$4,IF(K70=Keuzemogelijkheden!$A$5,$J70*Keuzemogelijkheden!$E$5,"0")))) -> 0
C71: 08 | D71: Mutaties aangeven
E72: 3 | F72: 1135 | G72: Het signaleren en aangeven of markeren van afwijkingen van de geregistreerde gegevens moet met behulp van het maken van een eenvoudige opmerking of aantekening vastgelegd kunnen worden. Het invullen van een complete mutatie kan door alle gebruikers in het | H72: Wens bij implementatie | I72: IMPF2 | J72: 3 | K72: Maak uw keuze | L72: =IF(K72<>"",VLOOKUP(K72,Keuzemogelijkheden!$A$2:$E$6,2,FALSE),"") -> Maak een keuze in de kolom 'Antwoord fase' | M72: =IF(K72<>"",VLOOKUP(K72,Keuzemogelijkheden!$A$2:$E$6,3,FALSE),"") -> Maak een keuze in de kolom 'Antwoord fase' | N72: =IF(K72<>"",VLOOKUP(K72,Keuzemogelijkheden!$A$2:$E$6,4,FALSE),"") -> Maak een keuze in de kolom 'Antwoord fase' | O72: =IF(K72=Keuzemogelijkheden!$A$2,$J72*Keuzemogelijkheden!$E$2,IF(K72=Keuzemogelijkheden!$A$3,$J72*Keuzemogelijkheden!$E$3,IF(K72=Keuzemogelijkheden!$A$4,$J72*Keuzemogelijkheden!$E$4,IF(K72=Keuzemogelijkheden!$A$5,$J72*Keuzemogelijkheden!$E$5,"0")))) -> 0
C73: 09 | D73: Importeren en exporteren
E74: 1 | F74: 2147 | G74: De gebruiker (afhankelijk van de rechten) moet handmatig en op basis van scripts gegevens kunnen im- en exporteren. In de praktijk zal dit voornamelijk plaats gaan vinden door de functioneel beheerder. | H74: Wens | I74: IMPF2 | J74: 2 | K74: Maak uw keuze | L74: =IF(K74<>"",VLOOKUP(K74,Keuzemogelijkheden!$A$2:$E$6,2,FALSE),"") -> Maak een keuze in de kolom 'Antwoord fase' | M74: =IF(K74<>"",VLOOKUP(K74,Keuzemogelijkheden!$A$2:$E$6,3,FALSE),"") -> Maak een keuze in de kolom 'Antwoord fase' | N74: =IF(K74<>"",VLOOKUP(K74,Keuzemogelijkheden!$A$2:$E$6,4,FALSE),"") -> Maak een keuze in de kolom 'Antwoord fase' | O74: =IF(K74=Keuzemogelijkheden!$A$2,$J74*Keuzemogelijkheden!$E$2,IF(K74=Keuzemogelijkheden!$A$3,$J74*Keuzemogelijkheden!$E$3,IF(K74=Keuzemogelijkheden!$A$4,$J74*Keuzemogelijkheden!$E$4,IF(K74=Keuzemogelijkheden!$A$5,$J74*Keuzemogelijkheden!$E$5,"0")))) -> 0
E75: 3 | F75: 2059 | G75: Im- en exporteren van object- en inspectiegegevens moet mogelijk zijn. Daarbij wordt automatisch een tijdsindicatie gegeven en een logging gemaakt. In de logging staan tenminste het aantal en soort objecten, attributen, domeinwaarden, fouten (mislukkingen | H75: Wens | I75: IMPF2 | J75: 3 | K75: Maak uw keuze | L75: =IF(K75<>"",VLOOKUP(K75,Keuzemogelijkheden!$A$2:$E$6,2,FALSE),"") -> Maak een keuze in de kolom 'Antwoord fase' | M75: =IF(K75<>"",VLOOKUP(K75,Keuzemogelijkheden!$A$2:$E$6,3,FALSE),"") -> Maak een keuze in de kolom 'Antwoord fase' | N75: =IF(K75<>"",VLOOKUP(K75,Keuzemogelijkheden!$A$2:$E$6,4,FALSE),"") -> Maak een keuze in de kolom 'Antwoord fase' | O75: =IF(K75=Keuzemogelijkheden!$A$2,$J75*Keuzemogelijkheden!$E$2,IF(K75=Keuzemogelijkheden!$A$3,$J75*Keuzemogelijkheden!$E$3,IF(K75=Keuzemogelijkheden!$A$4,$J75*Keuzemogelijkheden!$E$4,IF(K75=Keuzemogelijkheden!$A$5,$J75*Keuzemogelijkheden!$E$5,"0")))) -> 0
E76: 5 | F76: 1895 | G76: Hergebruik van instellingen (mapping) voor het importeren en exporteren van gegevens moet mogelijk zijn. | H76: Wens bij implementatie | I76: IMPF2 | J76: 2 | K76: Maak uw keuze | L76: =IF(K76<>"",VLOOKUP(K76,Keuzemogelijkheden!$A$2:$E$6,2,FALSE),"") -> Maak een keuze in de kolom 'Antwoord fase' | M76: =IF(K76<>"",VLOOKUP(K76,Keuzemogelijkheden!$A$2:$E$6,3,FALSE),"") -> Maak een keuze in de kolom 'Antwoord fase' | N76: =IF(K76<>"",VLOOKUP(K76,Keuzemogelijkheden!$A$2:$E$6,4,FALSE),"") -> Maak een keuze in de kolom 'Antwoord fase' | O76: =IF(K76=Keuzemogelijkheden!$A$2,$J76*Keuzemogelijkheden!$E$2,IF(K76=Keuzemogelijkheden!$A$3,$J76*Keuzemogelijkheden!$E$3,IF(K76=Keuzemogelijkheden!$A$4,$J76*Keuzemogelijkheden!$E$4,IF(K76=Keuzemogelijkheden!$A$5,$J76*Keuzemogelijkheden!$E$5,"0")))) -> 0
C77: 10 | D77: Historie-opbouw
E78: 11 | F78: 2159 | G78: Het moet mogelijk zijn om historiegegevens van verwijderde objecten (bijvoorbeeld mutaties van attributen) in formulier en lijstoverzicht te kunnen opvragen. De historie bevindt zich binnen het BOR-beheersysteem. Het is niet toegestaan om historie door ee | H78: Wens bij implementatie | I78: IMPF2 | J78: 9 | K78: Maak uw keuze | L78: =IF(K78<>"",VLOOKUP(K78,Keuzemogelijkheden!$A$2:$E$6,2,FALSE),"") -> Maak een keuze in de kolom 'Antwoord fase' | M78: =IF(K78<>"",VLOOKUP(K78,Keuzemogelijkheden!$A$2:$E$6,3,FALSE),"") -> Maak een keuze in de kolom 'Antwoord fase' | N78: =IF(K78<>"",VLOOKUP(K78,Keuzemogelijkheden!$A$2:$E$6,4,FALSE),"") -> Maak een keuze in de kolom 'Antwoord fase' | O78: =IF(K78=Keuzemogelijkheden!$A$2,$J78*Keuzemogelijkheden!$E$2,IF(K78=Keuzemogelijkheden!$A$3,$J78*Keuzemogelijkheden!$E$3,IF(K78=Keuzemogelijkheden!$A$4,$J78*Keuzemogelijkheden!$E$4,IF(K78=Keuzemogelijkheden!$A$5,$J78*Keuzemogelijkheden!$E$5,"0")))) -> 0
E79: 12 | F79: 1144 | G79: Met het BOR-beheersysteem kan de historie grafisch (kaart) en administratief getoond worden. De gegevens geven de situatie van dat moment weer. | H79: Wens | I79: IMPF2 | J79: 17 | K79: Maak uw keuze | L79: =IF(K79<>"",VLOOKUP(K79,Keuzemogelijkheden!$A$2:$E$6,2,FALSE),"") -> Maak een keuze in de kolom 'Antwoord fase' | M79: =IF(K79<>"",VLOOKUP(K79,Keuzemogelijkheden!$A$2:$E$6,3,FALSE),"") -> Maak een keuze in de kolom 'Antwoord fase' | N79: =IF(K79<>"",VLOOKUP(K79,Keuzemogelijkheden!$A$2:$E$6,4,FALSE),"") -> Maak een keuze in de kolom 'Antwoord fase' | O79: =IF(K79=Keuzemogelijkheden!$A$2,$J79*Keuzemogelijkheden!$E$2,IF(K79=Keuzemogelijkheden!$A$3,$J79*Keuzemogelijkheden!$E$3,IF(K79=Keuzemogelijkheden!$A$4,$J79*Keuzemogelijkheden!$E$4,IF(K79=Keuzemogelijkheden!$A$5,$J79*Keuzemogelijkheden!$E$5,"0")))) -> 0
E80: 9 | F80: 1389 | G80: De opdrachtgever kan zelfstandig (zonder ondersteuning inschrijver) met het BOR-beheersysteem op basis van historische gegevens trendanalyse(s) maken. | H80: Wens | I80: IMPF2 | J80: 2 | K80: Maak uw keuze | L80: =IF(K80<>"",VLOOKUP(K80,Keuzemogelijkheden!$A$2:$E$6,2,FALSE),"") -> Maak een keuze in de kolom 'Antwoord fase' | M80: =IF(K80<>"",VLOOKUP(K80,Keuzemogelijkheden!$A$2:$E$6,3,FALSE),"") -> Maak een keuze in de kolom 'Antwoord fase' | N80: =IF(K80<>"",VLOOKUP(K80,Keuzemogelijkheden!$A$2:$E$6,4,FALSE),"") -> Maak een keuze in de kolom 'Antwoord fase' | O80: =IF(K80=Keuzemogelijkheden!$A$2,$J80*Keuzemogelijkheden!$E$2,IF(K80=Keuzemogelijkheden!$A$3,$J80*Keuzemogelijkheden!$E$3,IF(K80=Keuzemogelijkheden!$A$4,$J80*Keuzemogelijkheden!$E$4,IF(K80=Keuzemogelijkheden!$A$5,$J80*Keuzemogelijkheden!$E$5,"0")))) -> 0
C81: 11 | D81: Mobiel werken
E82: 3 | F82: 1195 | G82: Raadplegen, muteren en inspecteren (grafisch en administratief) in het veld via een mobiel apparaat met en zonder internetverbinding in het BOR-beheersysteem is mogelijk. | H82: Wens | I82: IMPF2 | J82: 17 | K82: Maak uw keuze | L82: =IF(K82<>"",VLOOKUP(K82,Keuzemogelijkheden!$A$2:$E$6,2,FALSE),"") -> Maak een keuze in de kolom 'Antwoord fase' | M82: =IF(K82<>"",VLOOKUP(K82,Keuzemogelijkheden!$A$2:$E$6,3,FALSE),"") -> Maak een keuze in de kolom 'Antwoord fase' | N82: =IF(K82<>"",VLOOKUP(K82,Keuzemogelijkheden!$A$2:$E$6,4,FALSE),"") -> Maak een keuze in de kolom 'Antwoord fase' | O82: =IF(K82=Keuzemogelijkheden!$A$2,$J82*Keuzemogelijkheden!$E$2,IF(K82=Keuzemogelijkheden!$A$3,$J82*Keuzemogelijkheden!$E$3,IF(K82=Keuzemogelijkheden!$A$4,$J82*Keuzemogelijkheden!$E$4,IF(K82=Keuzemogelijkheden!$A$5,$J82*Keuzemogelijkheden!$E$5,"0")))) -> 0
E83: 4 | F83: 1925 | G83: De inspecties welke buiten rechtstreeks in de database worden ingevoerd m.b.v. een online dataverbinding, kunnen worden 'gebufferd' als de dataverbinding tijdelijk wegvalt. Als de dataverbinding weer aanwezig is, worden de 'offline' transacties alsnog naa | H83: Wens | I83: IMPF2 | J83: 17 | K83: Maak uw keuze | L83: =IF(K83<>"",VLOOKUP(K83,Keuzemogelijkheden!$A$2:$E$6,2,FALSE),"") -> Maak een keuze in de kolom 'Antwoord fase' | M83: =IF(K83<>"",VLOOKUP(K83,Keuzemogelijkheden!$A$2:$E$6,3,FALSE),"") -> Maak een keuze in de kolom 'Antwoord fase' | N83: =IF(K83<>"",VLOOKUP(K83,Keuzemogelijkheden!$A$2:$E$6,4,FALSE),"") -> Maak een keuze in de kolom 'Antwoord fase' | O83: =IF(K83=Keuzemogelijkheden!$A$2,$J83*Keuzemogelijkheden!$E$2,IF(K83=Keuzemogelijkheden!$A$3,$J83*Keuzemogelijkheden!$E$3,IF(K83=Keuzemogelijkheden!$A$4,$J83*Keuzemogelijkheden!$E$4,IF(K83=Keuzemogelijkheden!$A$5,$J83*Keuzemogelijkheden!$E$5,"0")))) -> 0
C84: 12 | D84: Consistentiecontrole
E85: 10 | F85: 1364 | G85: Het BOR-beheersysteem bevat functies om bepaalde processen (bijvoorbeeld: informatiestromen en mutatieprocessen) te kunnen monitoren en problemen te signaleren. Bijvoorbeeld via signaleringen op beeldscherm, via e-mail en via managementrapportages. | H85: Wens | I85: IMPF2 | J85: 2 | K85: Maak uw keuze | L85: =IF(K85<>"",VLOOKUP(K85,Keuzemogelijkheden!$A$2:$E$6,2,FALSE),"") -> Maak een keuze in de kolom 'Antwoord fase' | M85: =IF(K85<>"",VLOOKUP(K85,Keuzemogelijkheden!$A$2:$E$6,3,FALSE),"") -> Maak een keuze in de kolom 'Antwoord fase' | N85: =IF(K85<>"",VLOOKUP(K85,Keuzemogelijkheden!$A$2:$E$6,4,FALSE),"") -> Maak een keuze in de kolom 'Antwoord fase' | O85: =IF(K85=Keuzemogelijkheden!$A$2,$J85*Keuzemogelijkheden!$E$2,IF(K85=Keuzemogelijkheden!$A$3,$J85*Keuzemogelijkheden!$E$3,IF(K85=Keuzemogelijkheden!$A$4,$J85*Keuzemogelijkheden!$E$4,IF(K85=Keuzemogelijkheden!$A$5,$J85*Keuzemogelijkheden!$E$5,"0")))) -> 0
C86: 14 | D86: Analyse
E87: 1 | F87: 1215 | G87: In het BOR-beheersysteem moeten minimaal de GIS-functies beschikbaar zijn conform Bijlage 21 GIS-functies. | H87: Wens | I87: IMPF3 | J87: 17 | K87: Maak uw keuze | L87: =IF(K87<>"",VLOOKUP(K87,Keuzemogelijkheden!$A$2:$E$6,2,FALSE),"") -> Maak een keuze in de kolom 'Antwoord fase' | M87: =IF(K87<>"",VLOOKUP(K87,Keuzemogelijkheden!$A$2:$E$6,3,FALSE),"") -> Maak een keuze in de kolom 'Antwoord fase' | N87: =IF(K87<>"",VLOOKUP(K87,Keuzemogelijkheden!$A$2:$E$6,4,FALSE),"") -> Maak een keuze in de kolom 'Antwoord fase' | O87: =IF(K87=Keuzemogelijkheden!$A$2,$J87*Keuzemogelijkheden!$E$2,IF(K87=Keuzemogelijkheden!$A$3,$J87*Keuzemogelijkheden!$E$3,IF(K87=Keuzemogelijkheden!$A$4,$J87*Keuzemogelijkheden!$E$4,IF(K87=Keuzemogelijkheden!$A$5,$J87*Keuzemogelijkheden!$E$5,"0")))) -> 0
E88: 2 | F88: 1341 | G88: Het moet mogelijk zijn om met het BOR-beheersysteem risicoanalyses uit te kunnen voeren. Daarbij kan gebruik gemaakt worden van alle voorkomende waarden in het BOR-beheersysteem. | H88: Wens | I88: IMPF3 | J88: 2 | K88: Maak uw keuze | L88: =IF(K88<>"",VLOOKUP(K88,Keuzemogelijkheden!$A$2:$E$6,2,FALSE),"") -> Maak een keuze in de kolom 'Antwoord fase' | M88: =IF(K88<>"",VLOOKUP(K88,Keuzemogelijkheden!$A$2:$E$6,3,FALSE),"") -> Maak een keuze in de kolom 'Antwoord fase' | N88: =IF(K88<>"",VLOOKUP(K88,Keuzemogelijkheden!$A$2:$E$6,4,FALSE),"") -> Maak een keuze in de kolom 'Antwoord fase' | O88: =IF(K88=Keuzemogelijkheden!$A$2,$J88*Keuzemogelijkheden!$E$2,IF(K88=Keuzemogelijkheden!$A$3,$J88*Keuzemogelijkheden!$E$3,IF(K88=Keuzemogelijkheden!$A$4,$J88*Keuzemogelijkheden!$E$4,IF(K88=Keuzemogelijkheden!$A$5,$J88*Keuzemogelijkheden!$E$5,"0")))) -> 0
E89: 3 | F89: 1222 | G89: Met het BOR-beheersysteem kunnen energieberekeningen uitgevoerd worden. | H89: Wens bij implementatie | I89: IMPF3 | J89: 2 | K89: Maak uw keuze | L89: =IF(K89<>"",VLOOKUP(K89,Keuzemogelijkheden!$A$2:$E$6,2,FALSE),"") -> Maak een keuze in de kolom 'Antwoord fase' | M89: =IF(K89<>"",VLOOKUP(K89,Keuzemogelijkheden!$A$2:$E$6,3,FALSE),"") -> Maak een keuze in de kolom 'Antwoord fase' | N89: =IF(K89<>"",VLOOKUP(K89,Keuzemogelijkheden!$A$2:$E$6,4,FALSE),"") -> Maak een keuze in de kolom 'Antwoord fase' | O89: =IF(K89=Keuzemogelijkheden!$A$2,$J89*Keuzemogelijkheden!$E$2,IF(K89=Keuzemogelijkheden!$A$3,$J89*Keuzemogelijkheden!$E$3,IF(K89=Keuzemogelijkheden!$A$4,$J89*Keuzemogelijkheden!$E$4,IF(K89=Keuzemogelijkheden!$A$5,$J89*Keuzemogelijkheden!$E$5,"0")))) -> 0
E90: 4 | F90: 1148 | G90: Met het BOR-beheersysteem kan op basis van voorkomende objecten rekening gehouden worden met het aantal en soort obstakels binnen een vlakobject. De gebruiker kan aangeven welke objecttypes meegenomen worden als obstakel. Dit kan voor zowel punt-, lijn- | H90: Wens | I90: IMPF3 | J90: 17 | K90: Maak uw keuze | L90: =IF(K90<>"",VLOOKUP(K90,Keuzemogelijkheden!$A$2:$E$6,2,FALSE),"") -> Maak een keuze in de kolom 'Antwoord fase' | M90: =IF(K90<>"",VLOOKUP(K90,Keuzemogelijkheden!$A$2:$E$6,3,FALSE),"") -> Maak een keuze in de kolom 'Antwoord fase' | N90: =IF(K90<>"",VLOOKUP(K90,Keuzemogelijkheden!$A$2:$E$6,4,FALSE),"") -> Maak een keuze in de kolom 'Antwoord fase' | O90: =IF(K90=Keuzemogelijkheden!$A$2,$J90*Keuzemogelijkheden!$E$2,IF(K90=Keuzemogelijkheden!$A$3,$J90*Keuzemogelijkheden!$E$3,IF(K90=Keuzemogelijkheden!$A$4,$J90*Keuzemogelijkheden!$E$4,IF(K90=Keuzemogelijkheden!$A$5,$J90*Keuzemogelijkheden!$E$5,"0")))) -> 0
E91: M-538 | F91: 538 | G91: Het beheersysteem behoudt eerdere inspectiegegevens en kan hiermee ook vergelijkingen maken. Bijvoorbeeld wat de kwaliteitsverbetering/verslechtering is van het object t.o.v. van de vorige inspecties en op basis daarvan berekenen wat de verwachte levensdu | H91: Wens | I91: Zie methodieken per vakdiscipline | J91: 3 | K91: Maak uw keuze | L91: =IF(K91<>"",VLOOKUP(K91,Keuzemogelijkheden!$A$2:$E$6,2,FALSE),"") -> Maak een keuze in de kolom 'Antwoord fase' | M91: =IF(K91<>"",VLOOKUP(K91,Keuzemogelijkheden!$A$2:$E$6,3,FALSE),"") -> Maak een keuze in de kolom 'Antwoord fase' | N91: =IF(K91<>"",VLOOKUP(K91,Keuzemogelijkheden!$A$2:$E$6,4,FALSE),"") -> Maak een keuze in de kolom 'Antwoord fase' | O91: =IF(K91=Keuzemogelijkheden!$A$2,$J91*Keuzemogelijkheden!$E$2,IF(K91=Keuzemogelijkheden!$A$3,$J91*Keuzemogelijkheden!$E$3,IF(K91=Keuzemogelijkheden!$A$4,$J91*Keuzemogelijkheden!$E$4,IF(K91=Keuzemogelijkheden!$A$5,$J91*Keuzemogelijkheden!$E$5,"0")))) -> 0
E92: M-581 | F92: 581 | G92: Het resultaat van het vergelijken van de gewenste en behaalde natuurdoelen in een overzicht weergeven. Daarbij komen de gegevens van belang voor het wel/niet behalen van de natuurdoelen naar voren. | H92: Wens bij implementatie | I92: Zie methodieken per vakdiscipline | J92: 3 | K92: Maak uw keuze | L92: =IF(K92<>"",VLOOKUP(K92,Keuzemogelijkheden!$A$2:$E$6,2,FALSE),"") -> Maak een keuze in de kolom 'Antwoord fase' | M92: =IF(K92<>"",VLOOKUP(K92,Keuzemogelijkheden!$A$2:$E$6,3,FALSE),"") -> Maak een keuze in de kolom 'Antwoord fase' | N92: =IF(K92<>"",VLOOKUP(K92,Keuzemogelijkheden!$A$2:$E$6,4,FALSE),"") -> Maak een keuze in de kolom 'Antwoord fase' | O92: =IF(K92=Keuzemogelijkheden!$A$2,$J92*Keuzemogelijkheden!$E$2,IF(K92=Keuzemogelijkheden!$A$3,$J92*Keuzemogelijkheden!$E$3,IF(K92=Keuzemogelijkheden!$A$4,$J92*Keuzemogelijkheden!$E$4,IF(K92=Keuzemogelijkheden!$A$5,$J92*Keuzemogelijkheden!$E$5,"0")))) -> 0
E93: M-582 | F93: 582 | G93: Met behulp van het BOR-beheersysteem inzichtelijk maken welke panden zijn afgekoppeld van regenwater in verband met benodigde capaciteit van het riool. | H93: Wens bij implementatie | I93: Zie methodieken per vakdiscipline | J93: 9 | K93: Maak uw keuze | L93: =IF(K93<>"",VLOOKUP(K93,Keuzemogelijkheden!$A$2:$E$6,2,FALSE),"") -> Maak een keuze in de kolom 'Antwoord fase' | M93: =IF(K93<>"",VLOOKUP(K93,Keuzemogelijkheden!$A$2:$E$6,3,FALSE),"") -> Maak een keuze in de kolom 'Antwoord fase' | N93: =IF(K93<>"",VLOOKUP(K93,Keuzemogelijkheden!$A$2:$E$6,4,FALSE),"") -> Maak een keuze in de kolom 'Antwoord fase' | O93: =IF(K93=Keuzemogelijkheden!$A$2,$J93*Keuzemogelijkheden!$E$2,IF(K93=Keuzemogelijkheden!$A$3,$J93*Keuzemogelijkheden!$E$3,IF(K93=Keuzemogelijkheden!$A$4,$J93*Keuzemogelijkheden!$E$4,IF(K93=Keuzemogelijkheden!$A$5,$J93*Keuzemogelijkheden!$E$5,"0")))) -> 0
C94: 15 | D94: Help
E95: 4 | F95: 1339 | G95: Een zoekfunctie is aanwezig in de helpfunctie (met zoekwoordherkenning). | H95: Wens | I95: IMPF2 | J95: 3 | K95: Maak uw keuze | L95: =IF(K95<>"",VLOOKUP(K95,Keuzemogelijkheden!$A$2:$E$6,2,FALSE),"") -> Maak een keuze in de kolom 'Antwoord fase' | M95: =IF(K95<>"",VLOOKUP(K95,Keuzemogelijkheden!$A$2:$E$6,3,FALSE),"") -> Maak een keuze in de kolom 'Antwoord fase' | N95: =IF(K95<>"",VLOOKUP(K95,Keuzemogelijkheden!$A$2:$E$6,4,FALSE),"") -> Maak een keuze in de kolom 'Antwoord fase' | O95: =IF(K95=Keuzemogelijkheden!$A$2,$J95*Keuzemogelijkheden!$E$2,IF(K95=Keuzemogelijkheden!$A$3,$J95*Keuzemogelijkheden!$E$3,IF(K95=Keuzemogelijkheden!$A$4,$J95*Keuzemogelijkheden!$E$4,IF(K95=Keuzemogelijkheden!$A$5,$J95*Keuzemogelijkheden!$E$5,"0")))) -> 0
E96: 7 | F96: 1302 | G96: De helpfuncties in het BOR-beheersysteem zorgen ervoor dat een gebruiker volledig zelfstandig de vaardigheden eigen kan maken en uit kan voeren. De helpfunctie wijst op aandachtspunten bij bepaalde (complexe) handelingen, bijv. over instellingen. De handl | H96: Wens | I96: IMPF2 | J96: 3 | K96: Maak uw keuze | L96: =IF(K96<>"",VLOOKUP(K96,Keuzemogelijkheden!$A$2:$E$6,2,FALSE),"") -> Maak een keuze in de kolom 'Antwoord fase' | M96: =IF(K96<>"",VLOOKUP(K96,Keuzemogelijkheden!$A$2:$E$6,3,FALSE),"") -> Maak een keuze in de kolom 'Antwoord fase' | N96: =IF(K96<>"",VLOOKUP(K96,Keuzemogelijkheden!$A$2:$E$6,4,FALSE),"") -> Maak een keuze in de kolom 'Antwoord fase' | O96: =IF(K96=Keuzemogelijkheden!$A$2,$J96*Keuzemogelijkheden!$E$2,IF(K96=Keuzemogelijkheden!$A$3,$J96*Keuzemogelijkheden!$E$3,IF(K96=Keuzemogelijkheden!$A$4,$J96*Keuzemogelijkheden!$E$4,IF(K96=Keuzemogelijkheden!$A$5,$J96*Keuzemogelijkheden!$E$5,"0")))) -> 0
C97: 16 | D97: Lay-out schermen
E98: 6 | F98: 2006 | G98: Het BOR-beheersysteem biedt de functionaliteit om alle kaartlagen te prioriteren om deze in de juiste volgorde weer te geven. Deze volgorde blijft gehandhaafd bij het afdrukken. | H98: Wens | I98: IMPF2 | J98: 17 | K98: Maak uw keuze | L98: =IF(K98<>"",VLOOKUP(K98,Keuzemogelijkheden!$A$2:$E$6,2,FALSE),"") -> Maak een keuze in de kolom 'Antwoord fase' | M98: =IF(K98<>"",VLOOKUP(K98,Keuzemogelijkheden!$A$2:$E$6,3,FALSE),"") -> Maak een keuze in de kolom 'Antwoord fase' | N98: =IF(K98<>"",VLOOKUP(K98,Keuzemogelijkheden!$A$2:$E$6,4,FALSE),"") -> Maak een keuze in de kolom 'Antwoord fase' | O98: =IF(K98=Keuzemogelijkheden!$A$2,$J98*Keuzemogelijkheden!$E$2,IF(K98=Keuzemogelijkheden!$A$3,$J98*Keuzemogelijkheden!$E$3,IF(K98=Keuzemogelijkheden!$A$4,$J98*Keuzemogelijkheden!$E$4,IF(K98=Keuzemogelijkheden!$A$5,$J98*Keuzemogelijkheden!$E$5,"0")))) -> 0
C99: 17 | D99: Selecteren en filteren
E100: 16 | F100: 1129 | G100: In het BOR-beheersysteem zijn de volgende snapfuncties beschikbaar: Eindpunt, hoekpunt, kruispunt, middelpunt en punt op een object. | H100: Wens | I100: IMPF2 | J100: 3 | K100: Maak uw keuze | L100: =IF(K100<>"",VLOOKUP(K100,Keuzemogelijkheden!$A$2:$E$6,2,FALSE),"") -> Maak een keuze in de kolom 'Antwoord fase' | M100: =IF(K100<>"",VLOOKUP(K100,Keuzemogelijkheden!$A$2:$E$6,3,FALSE),"") -> Maak een keuze in de kolom 'Antwoord fase' | N100: =IF(K100<>"",VLOOKUP(K100,Keuzemogelijkheden!$A$2:$E$6,4,FALSE),"") -> Maak een keuze in de kolom 'Antwoord fase' | O100: =IF(K100=Keuzemogelijkheden!$A$2,$J100*Keuzemogelijkheden!$E$2,IF(K100=Keuzemogelijkheden!$A$3,$J100*Keuzemogelijkheden!$E$3,IF(K100=Keuzemogelijkheden!$A$4,$J100*Keuzemogelijkheden!$E$4,IF(K100=Keuzemogelijkheden!$A$5,$J100*Keuzemogelijkheden!$E$5,"0")))) -> 0
...
